 Dungeon Sprint DCSS version 0.18.1-48-g4cf74bf (webtiles) character file.

4300000 Criton the Plane Walker (level 26, -78/314 HPs)
             Began as a Troll Warper on July 20, 2016.
             Was the Champion of Makhleb.
             Annihilated by a destroyer
             ... wielding a +9 great sword of slicing
              (185 damage)
             ... in the Dungeon (Sprint VIII: "Arena of Blood").
             The game lasted 00:04:24 (43 turns).

Criton the Plane Walker (Troll Warper)                Turns: 43, Time: 00:04:25

Health: -78/314    AC:  7    Str: 26    XL:     26   Next: 95%
Magic:  10/53      EV: 20    Int: 17    God:    Makhleb [******]
Gold:   0          SH:  0    Dex:  9    Spells: 1 memorised, 78 levels left

rFire  . . .     SeeInvis .     a - +∞ Axe of Woe
rCold  . . .     Gourm    +     b - +0 robe
rNeg   . . .     Faith    .     (shield currently unavailable)
rPois  .         Spirit   .     (helmet restricted)
rElec  .         Dismiss  .     (no cloak)
rCorr  .         Reflect  .     (gloves unavailable)
SustAt .         Harm     .     (boots unavailable)
MR     +....     NoTele   +     (no amulet)
Stlth  ++++++....               m - +30 ring of slaying
                                l - +30 ring of slaying

@: somewhat resistant to hostile enchantments, very stealthy
A: unfitting armour, claws 3, fast metabolism 3, gourmand, regeneration 2,
shaggy fur 1, tough skin 2
a: Minor Destruction, Lesser Servant of Makhleb, Major Destruction, Greater
Servant of Makhleb, Renounce Religion


You were in the Dungeon.
You worshipped Makhleb.
Makhleb was exalted by your worship.
You were not hungry.

You visited 1 branch

Inventory:

Hand Weapons
 a - the +∞ Axe of Woe (weapon)
   (You found it in the Dungeon)
Missiles
 e - 5 tomahawks of dispersal (quivered)
Armour
 b - a +0 robe (worn)
Jewellery
 l - a +30 ring of slaying (left claw)
 m - a +30 ring of slaying (right claw)
 n - a +200 ring of slaying
 o - a +200 ring of slaying
Scrolls
 d - 2 scrolls of blinking
Potions
 g - a potion of curing
 h - a potion of heal wounds
 i - a potion of haste
 j - 2 potions of magic
 k - a potion of berserk rage
Books
 c - a book of Spatial Translocations

   Spells                             Type                      Level
   a - Apportation                    Translocation                1
   b - Blink                          Translocation                2
   c - Shroud of Golubria             Charms/Translocation         2
   d - Portal Projectile              Translocation                3
   e - Teleport Other                 Translocation                3
   f - Passage of Golubria            Translocation                4
Comestibles
 f - 2 bread rations


   Skills:
 O Level 27 Fighting
 O Level 27 Axes
 O Level 27 Throwing
 O Level 27 Armour
 O Level 27 Dodging
 O Level 27 Stealth
 O Level 27 Unarmed Combat
 O Level 27 Spellcasting
 O Level 27 Translocations
 O Level 27 Invocations


You had 78 spell levels left.
You knew the following spells:

 Your Spells              Type           Power        Failure   Level  Hunger
a - Apportation           Tloc           #######...   0%          1    None


Dungeon Overview and Level Annotations

Branches:
Dungeon (1/1)

Altars:
Makhleb

Annotations:
D The Servant


Innate Abilities, Weirdness & Mutations

You are too large for most types of armour.
You have claws for hands.
Your metabolism is lightning-fast.
You like to eat raw meat.
You heal very quickly.
You are covered in fur (AC +1).
You have very tough skin (AC +2).


Message History

You cut the bag of meat into ribbons!!!
You fatally mangle the bag of meat.
You kill the bag of meat!
Makhleb accepts your kill.
The bag of meat moves out of view.
The destroyer blinks!
o - a +200 ring of slaying The meat berserker is engulfed in roaring flames.
You hear a shout! x3
The meat berserker appears out of thin air!
A meat berserker comes into view. It is wielding a +9 battleaxe.
You hear a shout! x2
The bag of meat is engulfed in roaring flames.
The meat berserker is engulfed in roaring flames.
The meat berserker barely misses you.
The Servant is engulfed in roaring flames.
The Servant hits you from afar with a +9 glaive of flaming!!!!
The Servant burns you!!!
The destroyer is engulfed in roaring flames.
The destroyer hits you with a +9 great sword of slicing!!!!!
Ouch! That really hurt!
You die...

....... ..%.......
.......o. %...C....
O #.......# .#...
#.......#
....O###o§§....###.
...%..O@o§###%.....
..#.%VVO§§§_%.....
#..%o.o@#§§O..#%.
...oOoC.#o.<._#
#%o....)#))...#..
.o#.oo.C§))_..%...
..oo....oo###......
oo..###.... ..###.
.... #.......#


You could see The Servant, 2 destroyers, 3 large bags of meat, 5 meat berserkers
and 17 bags of meat.

Vanquished Creatures
  4 vampire knights (D)
  15 ogres (D)
  37 orcs (D)
  6 hill giants (D)
62 creatures vanquished.

Notes
Turn   | Place    | Note
--------------------------------------------------------------
     0 | D        | Criton the Troll Warper began the quest for the Orb.
     0 | D        | Reached XP level 1. HP: 19/19 MP: 1/1
     3 | D        | Noticed a bag of meat
     4 | D        | Became a worshipper of Makhleb the Destroyer
     7 | D        | Noticed a bag of meat
     8 | D        | Killed a bag of meat
     8 | D        | Reached XP level 2. HP: 42/42 MP: 1/10
     8 | D        | Reached XP level 3. HP: 49/49 MP: 1/11
     8 | D        | Reached XP level 4. HP: 58/58 MP: 1/13
     8 | D        | Reached XP level 5. HP: 66/66 MP: 1/14
     8 | D        | Reached XP level 6. HP: 74/74 MP: 1/16
     8 | D        | Reached XP level 7. HP: 81/81 MP: 1/17
     8 | D        | Reached XP level 8. HP: 91/91 MP: 1/19
     8 | D        | Reached XP level 9. HP: 97/97 MP: 1/20
     8 | D        | Reached XP level 10. HP: 106/106 MP: 1/21
     8 | D        | Reached XP level 11. HP: 113/113 MP: 1/22
     9 | D        | Noticed a bag of meat
     9 | D        | Noticed a bag of meat
     9 | D        | Noticed a bag of meat
     9 | D        | Noticed a bag of meat
     9 | D        | Noticed a meat berserker
     9 | D        | Noticed a meat berserker
     9 | D        | Noticed a bag of meat
    10 | D        | Noticed a bag of meat
    11 | D        | Noticed a bag of meat
    11 | D        | Noticed a bag of meat
    11 | D        | Killed a bag of meat
    11 | D        | Reached * piety under Makhleb
    11 | D        | Reached skill level 10 in Fighting
    11 | D        | Reached skill level 10 in Axes
    11 | D        | Reached XP level 12. HP: 126/126 MP: 1/24
    12 | D        | Noticed a bag of meat
    12 | D        | Noticed a bag of meat
    12 | D        | Noticed a bag of meat
    12 | D        | Killed a meat berserker
    12 | D        | Reached skill level 15 in Dodging
    12 | D        | Reached XP level 13. HP: 139/139 MP: 2/27
    12 | D        | Reached XP level 14. HP: 148/148 MP: 2/28
    12 | D        | Killed a bag of meat
    12 | D        | Reached ** piety under Makhleb
    12 | D        | Killed a meat berserker
    12 | D        | Reached XP level 15. HP: 162/162 MP: 2/30
    13 | D        | Noticed a large bag of meat
    14 | D        | Noticed a meat berserker
    15 | D        | Reached *** piety under Makhleb
    15 | D        | Reached XP level 16. HP: 174/174 MP: 2/32
    15 | D        | Reached skill level 15 in Fighting
    15 | D        | Reached skill level 15 in Axes
    15 | D        | Reached skill level 5 in Throwing
    15 | D        | Reached **** piety under Makhleb
    16 | D        | Noticed a meat berserker
    16 | D        | Noticed a meat berserker
    18 | D        | Noticed a meat berserker
    18 | D        | Killed a meat berserker
    18 | D        | Reached skill level 15 in Spellcasting
    18 | D        | Reached XP level 17. HP: 173/189 MP: 3/35
    18 | D        | Reached ***** piety under Makhleb
    18 | D        | Reached XP level 18. HP: 204/204 MP: 3/37
    19 | D        | Reached skill level 27 in Translocations
    20 | D        | Killed a large bag of meat
    21 | D        | Noticed a large bag of meat
    21 | D        | Killed a meat berserker
    21 | D        | Reached XP level 19. HP: 166/222 MP: 4/40
    21 | D        | Reached ****** piety under Makhleb
    21 | D        | Killed a meat berserker
    22 | D        | Noticed a meat berserker
    22 | D        | Noticed a large bag of meat
    23 | D        | Noticed a meat berserker
    23 | D        | Killed a meat berserker
    23 | D        | Reached skill level 27 in Dodging
    23 | D        | Reached XP level 20. HP: 212/244 MP: 4/43
    24 | D        | Noticed a meat berserker
    25 | D        | Noticed a meat berserker
    25 | D        | Noticed a meat berserker
    26 | D        | Noticed a meat berserker
    26 | D        | Noticed a meat berserker
    28 | D        | Killed a meat berserker
    28 | D        | Reached skill level 27 in Axes
    28 | D        | Reached skill level 27 in Fighting
    28 | D        | Reached skill level 10 in Throwing
    28 | D        | Reached XP level 21. HP: 265/265 MP: 5/47
    28 | D        | Reached skill level 27 in Spellcasting
    29 | D        | Reached XP level 22. HP: 275/275 MP: 6/52
    30 | D        | Reached skill level 27 in Throwing
    30 | D        | Reached skill level 5 in Armour
    31 | D        | Noticed a destroyer
    31 | D        | Reached skill level 10 in Stealth
    31 | D        | Reached skill level 15 in Unarmed Combat
    31 | D        | Reached XP level 23. HP: 284/284 MP: 6/53
    31 | D        | Reached skill level 15 in Invocations
    33 | D        | Noticed a destroyer
    33 | D        | Killed a destroyer
    34 | D        | Noticed a destroyer
    34 | D        | Reached XP level 24. HP: 295/295 MP: 7/53
    35 | D        | Noticed The Servant
    35 | D        | Noticed a destroyer
    36 | D        | Noticed a destroyer
    37 | D        | Noticed a destroyer
    37 | D        | Killed a destroyer
    37 | D        | Reached skill level 27 in Unarmed Combat
    37 | D        | Reached skill level 27 in Invocations
    37 | D        | Reached XP level 25. HP: 304/304 MP: 8/53
    38 | D        | Noticed a destroyer
    38 | D        | Reached skill level 27 in Armour
    39 | D        | Killed a destroyer
    39 | D        | Reached skill level 27 in Stealth
    40 | D        | Reached XP level 26. HP: 297/314 MP: 8/53
    40 | D        | Killed a destroyer
    43 | D        | Annihilated by a destroyer

Skill      XL: |  1  2  3  4  5  6  7  8  9 10 11 12 13 14 15 16 17 18 19 20 21 22 23 24 25 |
---------------+----------------------------------------------------------------------------+-----
Fighting       | 8 10 11 13 14 16 18 20 23 27 | 27.0
Axes           | 8 10 11 13 14 17 19 22 25 27 | 27.0
Throwing       | 2 3 4 5 6 7 9 10 23 27 | 27.0
Dodging        | 11 13 15 17 18 20 22 24 27 | 27.0
Spellcasting   | 8 9 11 12 13 15 16 18 20 23 27 | 27.0
Translocations | 14 16 19 21 23 25 26 27 | 27.0
Armour         | 13 20 26 27 | 27.0
Stealth        | 11 17 22 27 | 27.0
Unarmed Combat | 15 23 27 | 27.0
Invocations    | 14 21 27 | 27.0

Action                   |  1- 3 |  4- 6 |  7- 9 | 10-12 | 13-15 | 16-18 | 19-21 | 22-24 | 25-27 || total
-------------------------+-------+-------+-------+-------+-------+-------+-------+-------+-------++-------
Melee: Executioner's axe |     1 |       |       |     2 |     1 |     4 |     4 |     6 |     4 ||    22
Dodge: Dodged            |       |       |       |       |       |     1 |     1 |     2 |     2 ||     6
